 Dungeon Crawl Stone Soup version 0.24.0-123-gd5b16e6ec5 (webtiles) character file.

Game seed: 8149636969195715185, levelgen mode: deterministic

1328 Curus the Basher (level 8, -3/63 HPs)
             Began as a White Draconian Berserker on Feb 4, 2020.
             Was a Priest of Trog.
             Slain by a sky beast (5 damage)
             ... on level 6 of the Dungeon.
             The game lasted 00:12:08 (4200 turns).

Curus the Basher (White Draconian Berserker)        Turns: 4200, Time: 00:12:09

Health: -3/63      AC:  7    Str: 20    XL:     8   Next: 34%
Magic:  17/17      EV: 12    Int:  8    God:    Trog [***...]
Gold:   367        SH:  4    Dex: 12    Spells: 7/7 levels left

rFire    . . .     SeeInvis .   g - +1 flail
rCold    + . .     Gourm    .   c - +1 buckler
rNeg     . . .     Faith    .   (armour unavailable)
rPois    .         Spirit   .   (helmet restricted)
rElec    .         Reflect  .   (no cloak)
rCorr    .         Harm     .   (no gloves)
MR       .....     Clarity  +   h - +0 pair of boots
Stlth    +.........             (no amulet)
HPRegen  0.20/turn              p - ring of magical power
MPRegen  0.15/turn              (no ring)

@: berserk cooldown, slowed, very slow
A: breathe frost, unfitting armour, talons 1, clarity, cold resistance 1,
cold-blooded, AC +6
a: Breathe Frost, Berserk, Trog's Hand, Renounce Religion


You were on level 6 of the Dungeon.
You worshipped Trog.
Trog was most pleased with you.
You were hungry.

You visited 1 branch of the dungeon, and saw 6 of its levels.
You also visited: Ossuary.

You collected 367 gold pieces.

Inventory:

Hand Weapons
 a - a +1 mace
 g - a +1 flail (weapon)
Armour
 c - a +1 buckler (worn)
 h - a +0 pair of boots (worn)
Jewellery
 f - an uncursed ring of ice
 p - a ring of magical power (left hand)
Scrolls
 d - 5 scrolls of identify
 i - 2 scrolls of blinking
 j - a scroll of teleportation
 m - a scroll of enchant armour
 o - a scroll of remove curse
 q - a scroll of enchant weapon
Potions
 e - a potion of berserk rage
 k - a potion of curing
 l - 2 potions of might
 n - a potion of mutation
Comestibles
 b - 7 rations


   Skills:
 - Level 3.2 Fighting
 + Level 10.6 Maces & Flails
 - Level 2.6 Dodging


You had 7 spell levels left.
You didn't know any spells.
Your spell library was empty.

Dungeon Overview and Level Annotations

Branches:
Dungeon (6/15)             Temple (0/1) D:4         Ossuary (visited)

Altars:
Uskayaw


Innate Abilities, Weirdness & Mutations

You can breathe waves of freezing cold.
You can buffet flying creatures when you breathe cold.
Your icy white scales are hard. (AC +6)
You cannot fit into any form of body armour.
Your flesh is cold resistant. (rC+)
You are cold-blooded and may be slowed by cold attacks.
You have sharp toenails.
You possess an exceptional clarity of mind.


Message History

You block the river rat's attack. Something hits you.
* * * LOW HITPOINT WARNING * * *
Something shocks you.
* * * LOW HITPOINT WARNING * * *
You sock Eustachio!
You kill Eustachio!
Trog accepts your kill.
Trog appreciates your killing of a magic user.
The river rat disappears in a puff of smoke!
The quokka disappears in a puff of smoke!
The river rat disappears in a puff of smoke!
Something hits you but does no damage.
You thump something!
Your tail-slap misses something.
You barely miss something.
You are no longer berserk.
You are exhausted.
You feel yourself slow down. Something hits you.
* * * LOW HITPOINT WARNING * * *
Something shocks you.
You die...

#####...##........
#...#.
#.................
#...#.
#.................
......
...............###
...#Z##..........#..####
...... ##...#..##.##..
#...###......###..#..
###.§##....#..# ##....
##..§.@{.......# ##...
#.......)....##.## ##..
...#..............#
##... . #..........###.#
#.... #....>.....#
.##..#^. #...[......#
....##.. #......#.....
... ### ......<##......
....... #........


You could see a worker ant zombie.

Vanquished Creatures
  Sigmund (D:2)
  Eustachio (D:6)
  An ice beast (D:6)
  A sky beast (D:5)
  2 ogres (D:4)
  A crimson imp (D:4)
  A bullfrog zombie (D:5)
  A human zombie (D:5)
  2 orc wizards
  2 orc priests
  2 hounds
  3 worker ants
  An iguana (D:4)
  2 hound zombies (Ossuary)
  2 hound skeletons
  4 mummies (Ossuary)
  4 gnolls (D:5)
  6 adders
  2 shadow imps (D:5)
  An ooze (D:1)
  An adder skeleton (D:5)
  3 worms
  4 dart slugs
  3 leopard geckos
  14 orcs
  3 ball pythons
  5 bats
  8 giant cockroaches
  2 hobgoblins (D:3)
  2 jackals (D:3)
  2 quokkas
  A frilled lizard (D:2)
  2 gnoll zombies (Ossuary)
  4 goblins (D:1)
  A hobgoblin zombie (Ossuary)
  4 jackal zombies (Ossuary)
  6 kobolds
  A kobold zombie (Ossuary)
  An orc zombie (Ossuary)
  7 rats
  A rat zombie (Ossuary)
115 creatures vanquished.

Notes
Turn   | Place    | Note
-------+----------+-------------------------------------------
     0 | D:1      | Curus the Draconian Berserker began the quest for the Orb.
     0 | D:1      | Reached XP level 1. HP: 19/19 MP: 1/1
     1 | D:1      | Noticed an electric eel
   330 | D:1      | Reached XP level 2. HP: 21/26 MP: 2/2
   532 | D:1      | Reached skill level 4 in Maces & Flails
   873 | D:2      | Noticed Sigmund
   883 | D:2      | Killed Sigmund
   883 | D:2      | Reached skill level 6 in Maces & Flails
   883 | D:2      | Reached XP level 3. HP: 22/31 MP: 3/3
   883 | D:2      | Reached XP level 4. HP: 27/38 MP: 4/4
   883 | D:2      | Reached XP level 5. HP: 32/45 MP: 5/5
   983 | D:2      | Found a hide-covered altar of Uskayaw.
  1557 | D:3      | Reached ** piety under Trog
  1557 | D:3      | Reached XP level 6. HP: 22/51 MP: 6/6
  2094 | D:3      | Reached skill level 7 in Maces & Flails
  2552 | D:4      | Found a staircase to the Ecumenical Temple.
  2565 | D:4      | Reached skill level 8 in Maces & Flails
  2565 | D:4      | Your scales start taking on an icy white colour.
  2565 | D:4      | Reached XP level 7. HP: 57/57 MP: 7/7
  2565 | D:4      | Gained mutation: Your flesh is cold resistant. (rC+) [White
                  | Draconian growth]
  3121 | D:5      | Entered Level 5 of the Dungeon
  3274 | D:5      | Reached skill level 9 in Maces & Flails
  3553 | D:5      | Found a sand-covered staircase.
  3570 | Ossuary  | Entered an ossuary
  3577 | Ossuary  | Reached *** piety under Trog
  3644 | Ossuary  | Gained mutation: You possess an exceptional clarity of
                  | mind. [potion of mutation]
  3644 | Ossuary  | Gained mutation: You have sharp toenails. [potion of
                  | mutation]
  3907 | D:5      | Reached XP level 8. HP: 57/63 MP: 8/8
  4134 | D:6      | Noticed Eustachio
  4190 | D:6      | Reached skill level 10 in Maces & Flails
  4198 | D:6      | Killed Eustachio
  4200 | D:6      | HP: 2/63 [something (4)]
  4200 | D:6      | Slain by a sky beast

Levels and vault maps discovered:
D:1:      arrival_aquarium_a, layout_basic
D:2:      layout_loops_ring, eat_drink_and_be_merry_uskayaw,
          minmay_strange_pillars, uniq_sigmund
D:3:      layout_loops_ring, first_ration
D:4:      layout_basic, minmay_temple_entry_junction_2
D:5:      layout_loops_cross, enter_ossuary_3, kennysheep_generic_room_16
D:6:      layout_rooms, minivault_19, kennysheep_generic_room_15, uniq_eustachio

Skill      XL: |  1  2  3  4  5  6  7  8 |
---------------+-------------------------+-----
Maces & Flails | 6 8 9 10 | 10.6
Fighting       | |  3.2
Dodging        | |  2.6

Action                   |  1- 3 |  4- 6 |  7- 9 || total
-------------------------+-------+-------+-------++-------
Melee: Mace              |    52 |    53 |       ||   105
       Tailslap          |     7 |    17 |    26 ||    50
       Flail             |       |    98 |   199 ||   297
Invok: Berserk           |     1 |     1 |     3 ||     5
  Use: Scroll            |     3 |     5 |     5 ||    13
       Potion            |     2 |     3 |     3 ||     8
 Stab: Sleeping          |       |     2 |     1 ||     3
  Eat: Chunk             |       |     8 |     4 ||    12
       Ration            |       |       |     1 ||     1
Armor: Skin              |    11 |    44 |    78 ||   133
Dodge: Dodged            |    23 |    57 |   156 ||   236
Block: Buckler           |    10 |    20 |    46 ||    76
